cohdb
Replays
Latest Replays
All Replays
Popular Replays
Top Player Replays
Match Explorer
How It Works
Community
CoH3 Stats
Reddit
Sign in to upload your games and track your stats! →
Sign in with Steam
Match 22738249
Unlisted
Match 22738249
Overview
Messages
Build Orders
End
Construct Infanterie Kompanie
Kettenkrad Recon Vehicle
Selects Mechanized Battlegroup
Grenadier Squad
MG 42 Machine Gun Team
Grenadier Squad
Construct Panzergrenadier Kompanie
GrW 34 Mortar Team
251 Medium Carrier
Selects Raid Package
Pak 40 Anti-tank Gun Team
Support Elements
Selects 8 Rad Armored Car
8 Rad Armored Car
251 Medium Carrier
251 Medium Carrier
Panzergrenadier Squad
Selects UNKNOWN (2160084)
Selects Spotting Scopes
Construct Panzer Kompanie
Selects Wespe Self-propelled Artillery
Pioneer Squad
Panzer IV Medium Tank
Stoßtruppen Squad
Panzer IV Medium Tank
Selects Zeroing Artillery Barrage
Repair Bunker
Side Skirts
Panzer Officer Quarters
Ayeyoooo
MatioS
Guh
LuiSBa
Jesulin
Eber
0
0
Comments
sign in to comment!
No comments posted yet!